| TOP OF THE 1ST |
|
Princeton Rays batting - Pitching for Baltimore (APP) Orioles : RHP Matt Talaski
|
|
Pitching: RHP Matt Talaski
|
|
|
Batting: RHB James Huddleston
|
0-0: Ground out 6-3 (Groundball, 56, EV 98.8 MPH)
|
|
Batting: RHB Hector Silva
|
0-0: Called Strike 0-1: Swinging Strike 0-2: Strikes out looking
|
|
Batting: SHB Lou Kroneman
|
0-0: Ball 1-0: Ball 2-0: Fly out, F7 (Line Drive, 7, EV 88.1 MPH)
|
| Top of the 1st over - 0 runs, 0 hits, 0 errors, 0 left on base; Princeton 0 - Baltimore (APP) 0 |
| BOTTOM OF THE 1ST |
|
Baltimore (APP) Orioles batting - Pitching for Princeton Rays : RHP Ron Garrett
|
|
Pitching: RHP Ron Garrett
|
|
|
Batting: LHB Eric Jackson
|
0-0: Ball 1-0: Ball 2-0: Fly out, F7 (Flyball, 7D, EV 96.3 MPH)
|
|
Batting: RHB Mike Zepeda
|
0-0: Ball 1-0: Ball 2-0: Called Strike 2-1: Called Strike 2-2: Ball 3-2: Base on Balls
|
|
Batting: LHB Bill Ostlund
|
0-0: Ball 1-0: Called Strike 1-1: Ball 2-1: Ball 3-1: Base on Balls Mike Zepeda to second
|
|
Batting: LHB Justin Alworth
|
0-0: Fly out, F9 (Flyball, 9D, EV 85.6 MPH) Runner from 2nd tags up, SAFE at 3rd, no throw by RF
|
|
Batting: RHB Jeremy Sipe
|
0-0: Ball 1-0: Foul Ball, location: 2F 1-1: Foul Ball, location: 2F 1-2: Strikes out looking
|
| Bottom of the 1st over - 0 runs, 0 hits, 0 errors, 2 left on base; Princeton 0 - Baltimore (APP) 0 |
| TOP OF THE 2ND |
|
Princeton Rays batting - Pitching for Baltimore (APP) Orioles : RHP Matt Talaski
|
|
Batting: RHB Wil Urban
|
0-0: Foul Ball, location: 2F 0-1: Ball 1-1: Swinging Strike 1-2: Strikes out swinging
|
|
Batting: LHB Josh Redfern
|
0-0: Ball 1-0: Ball 2-0: Ball 3-0: Foul Ball, location: 2F 3-1: Swinging Strike 3-2: Foul Ball, location: 2F 3-2: Foul Ball, location: 2F 3-2: Foul Ball, location: 2F 3-2: Strikes out swinging
|
|
Batting: RHB Dan Marks
|
0-0: Called Strike 0-1: Ball 1-1: Ball 2-1: Called Strike 2-2: Foul Ball, location: 2F 2-2: Ground out U3 (Groundball, 34, EV 78.1 MPH)
|
| Top of the 2nd over - 0 runs, 0 hits, 0 errors, 0 left on base; Princeton 0 - Baltimore (APP) 0 |
| BOTTOM OF THE 2ND |
|
Baltimore (APP) Orioles batting - Pitching for Princeton Rays : RHP Ron Garrett
|
|
Batting: RHB Fernando Bravo
|
0-0: Ball 1-0: Swinging Strike 1-1: SINGLE (Flyball, 8LS, EV 90.6 MPH)
|
|
Batting: RHB Matt O'Dea
|
0-0: Swinging Strike 0-1: Called Strike 0-2: Ball 1-2: Ball 2-2: Foul Ball, location: 2F 2-2: Foul Ball, location: 2F 2-2: Ball Wild Pitch! Fernando Bravo to second 3-2: Strikes out looking
|
|
Pitching: RHP John Morgan
|
|
|
Batting: RHB Ryan Vest
|
0-0: Ball 1-0: Ball 2-0: Fly out, F8 (Line Drive, 8RM, EV 86.9 MPH)
|
|
Batting: RHB Roberto Sotelo
|
0-0: Ball 1-0: Called Strike 1-1: Fly out, F9 (Line Drive, 9D, EV 88.1 MPH)
|
| Bottom of the 2nd over - 0 runs, 1 hit, 0 errors, 1 left on base; Princeton 0 - Baltimore (APP) 0 |
| TOP OF THE 3RD |
|
Princeton Rays batting - Pitching for Baltimore (APP) Orioles : RHP Matt Talaski
|
|
Batting: SHB Wayne Hattan
|
0-0: Ball 1-0: Ball 2-0: Foul Ball, location: 2F 2-1: Swinging Strike 2-2: Ball 3-2: Foul Ball, location: 2F 3-2: Ground out 5-3 (Groundball, 5, EV 103.8 MPH)
|
|
Batting: RHB Chris Thorson
|
0-0: Ball 1-0: Called Strike 1-1: Ball 2-1: SINGLE (Groundball, 56, EV 102.5 MPH) (infield hit)
|
|
Batting: RHB Kunizo Yanagisawa
|
0-0: Ball 1-0: Swinging Strike 1-1: Ball 2-1: Called Strike 2-2: Fielders Choice at 2nd, 6-4 (Groundball, 6, EV 82.5 MPH)
|
|
Batting: RHB James Huddleston
|
0-0: Ball 1-0: Foul Ball, location: 2F 1-1: Ball 2-1: Foul Ball, location: 2F 2-2: Foul Ball, location: 2F 2-2: Strikes out swinging
|
| Top of the 3rd over - 0 runs, 1 hit, 0 errors, 1 left on base; Princeton 0 - Baltimore (APP) 0 |
| BOTTOM OF THE 3RD |
|
Baltimore (APP) Orioles batting - Pitching for Princeton Rays : RHP John Morgan
|
|
Batting: LHB Eric Jackson
|
0-0: Ball 1-0: Ball 2-0: Ground out 5-3 (Groundball, 56, EV 86.9 MPH)
|
|
Batting: RHB Mike Zepeda
|
0-0: Ball 1-0: Foul Ball, location: 2F 1-1: Swinging Strike 1-2: Foul Ball, location: 2F 1-2: Hit by Pitch
|
|
Batting: LHB Bill Ostlund
|
0-0: Foul Ball, location: 2F 0-1: Called Strike 0-2: Ball 1-2: Strikes out swinging
|
|
Batting: LHB Justin Alworth
|
0-0: Fly out, F8 (Flyball, 8RXD, EV 92.5 MPH)
|
| Bottom of the 3rd over - 0 runs, 0 hits, 0 errors, 1 left on base; Princeton 0 - Baltimore (APP) 0 |
| TOP OF THE 4TH |
|
Princeton Rays batting - Pitching for Baltimore (APP) Orioles : RHP Matt Talaski
|
|
Batting: RHB Hector Silva
|
0-0: Ball 1-0: Foul Ball, location: 2F 1-1: Ball 2-1: Ball 3-1: TRIPLE (Line Drive, 78XD, EV 107.5 MPH)
|
|
Batting: SHB Lou Kroneman
|
0-0: Ball 1-0: Swinging Strike 1-1: Ball 2-1: Ball 3-1: Foul Ball, location: 2F 3-2: Strikes out swinging
|
|
Batting: RHB Wil Urban
|
0-0: Ball 1-0: Foul Ball, location: 2F 1-1: Ball 2-1: Called Strike 2-2: Ball 3-2: Foul Ball, location: 2F 3-2: Foul Ball, location: 2F 3-2: Fly out, F7 (Flyball, 7, EV 82.5 MPH)
|
|
Batting: LHB Josh Redfern
|
0-0: Foul Ball, location: 2F 0-1: Swinging Strike 0-2: Foul Ball, location: 2F 0-2: Ball 1-2: Ball 2-2: 2-RUN HOME RUN (Line Drive, 9LD, EV 103.1 MPH), Distance : 368 ft
|
|
Batting: RHB Dan Marks
|
0-0: SINGLE (Groundball, 56, EV 84.4 MPH) (infield hit)
|
|
Batting: SHB Wayne Hattan
|
0-0: Swinging Strike 0-1: Foul Ball, location: 2F 0-2: SINGLE (Groundball, 6D, EV 95.6 MPH) Dan Marks to second Dan Marks to third
|
|
Pitching: RHP Steve Webb
|
|
|
Batting: RHB Chris Thorson
|
0-0: Ball 1-0: Called Strike 1-1: Foul Ball, location: 2F 1-2: Strikes out swinging
|
| Top of the 4th over - 2 runs, 4 hits, 0 errors, 2 left on base; Princeton 2 - Baltimore (APP) 0 |
| BOTTOM OF THE 4TH |
|
Baltimore (APP) Orioles batting - Pitching for Princeton Rays : RHP John Morgan
|
|
Batting: RHB Jeremy Sipe
|
0-0: Called Strike 0-1: Foul Ball, location: 2F 0-2: Ball 1-2: Foul Ball, location: 2F 1-2: Ball 2-2: Ball 3-2: Base on Balls
|
|
Batting: RHB Fernando Bravo
|
0-0: Ball 1-0: Ball 2-0: Hit by Pitch Jeremy Sipe to second
|
|
Batting: RHB Matt O'Dea
|
0-0: Called Strike 0-1: Ball Wild Pitch! Jeremy Sipe to third Fernando Bravo to second 1-1: Foul Ball, location: 2F 1-2: Ball 2-2: Strikes out swinging
|
|
Batting: RHB Ryan Vest
|
0-0: Foul Ball, location: 2F 0-1: Ball 1-1: Foul Ball, location: 2F 1-2: Strikes out swinging
|
|
Batting: RHB Roberto Sotelo
|
0-0: Called Strike 0-1: Foul Ball, location: 2F 0-2: Strikes out swinging
|
| Bottom of the 4th over - 0 runs, 0 hits, 0 errors, 2 left on base; Princeton 2 - Baltimore (APP) 0 |
| TOP OF THE 5TH |
|
Princeton Rays batting - Pitching for Baltimore (APP) Orioles : RHP Steve Webb
|
|
Batting: RHB Kunizo Yanagisawa
|
0-0: Ball 1-0: Ball 2-0: Called Strike 2-1: Ground out 5-3 (Groundball, 56S, EV 80.0 MPH)
|
|
Batting: RHB James Huddleston
|
0-0: Ball 1-0: Ball 2-0: Ball 3-0: Called Strike 3-1: Fly out, F6 (Flyball, 5D, EV 95.6 MPH)
|
|
Batting: RHB Hector Silva
|
0-0: Ball 1-0: Ball 2-0: Called Strike 2-1: Fly out, F5 (Popup, 56, EV 83.1 MPH)
|
| Top of the 5th over - 0 runs, 0 hits, 0 errors, 0 left on base; Princeton 2 - Baltimore (APP) 0 |
| BOTTOM OF THE 5TH |
|
Baltimore (APP) Orioles batting - Pitching for Princeton Rays : RHP John Morgan
|
|
Batting: LHB Eric Jackson
|
0-0: Ball 1-0: Called Strike 1-1: Ball 2-1: Swinging Strike 2-2: Foul Ball, location: 2F 2-2: Ball 3-2: Strikes out looking
|
|
Batting: RHB Mike Zepeda
|
0-0: Called Strike 0-1: Foul Ball, location: 2F 0-2: Strikes out swinging
|
|
Batting: LHB Bill Ostlund
|
0-0: Called Strike 0-1: Foul Ball, location: 2F 0-2: Ball 1-2: Ball 2-2: Ball 3-2: Base on Balls
|
|
Pitching: RHP Takenori Iwata
|
|
|
Batting: LHB Justin Alworth
|
0-0: Ball 1-0: Foul Ball, location: 2F 1-1: Ball 2-1: Foul Ball, location: 2F 2-2: Strikes out swinging
|
| Bottom of the 5th over - 0 runs, 0 hits, 0 errors, 1 left on base; Princeton 2 - Baltimore (APP) 0 |
| TOP OF THE 6TH |
|
Princeton Rays batting - Pitching for Baltimore (APP) Orioles : RHP Steve Webb
|
|
Batting: SHB Lou Kroneman
|
0-0: Called Strike 0-1: Ground out 6-3 (Groundball, 6MS, EV 82.5 MPH)
|
|
Batting: RHB Wil Urban
|
0-0: Ball 1-0: Called Strike 1-1: Called Strike 1-2: Ball 2-2: Strikes out swinging
|
|
Batting: LHB Josh Redfern
|
0-0: Called Strike 0-1: Foul Ball, location: 2F 0-2: Ball 1-2: Fly out, F5 (Popup, 5F, EV 61.3 MPH)
|
| Top of the 6th over - 0 runs, 0 hits, 0 errors, 0 left on base; Princeton 2 - Baltimore (APP) 0 |
| BOTTOM OF THE 6TH |
|
Baltimore (APP) Orioles batting - Pitching for Princeton Rays : RHP Takenori Iwata
|
|
Batting: RHB Jeremy Sipe
|
0-0: Called Strike 0-1: Called Strike 0-2: Ball 1-2: Ball 2-2: Strikes out swinging
|
|
Batting: RHB Fernando Bravo
|
0-0: Called Strike 0-1: Ball 1-1: Ball 2-1: Swinging Strike 2-2: DOUBLE (Flyball, 89D, EV 104.4 MPH)
|
|
Batting: RHB Matt O'Dea
|
0-0: Called Strike 0-1: Foul Ball, location: 2F 0-2: Ball 1-2: Fly out, F6 (Popup, P, EV 74.4 MPH)
|
|
Batting: RHB Ryan Vest
|
0-0: Called Strike 0-1: Ground out U3 (Groundball, 34S, EV 86.9 MPH)
|
| Bottom of the 6th over - 0 runs, 1 hit, 0 errors, 1 left on base; Princeton 2 - Baltimore (APP) 0 |
| TOP OF THE 7TH |
|
Princeton Rays batting - Pitching for Baltimore (APP) Orioles : RHP Steve Webb
|
|
Batting: RHB Dan Marks
|
0-0: Swinging Strike 0-1: Called Strike 0-2: Strikes out looking
|
|
Batting: SHB Wayne Hattan
|
0-0: Foul Ball, location: 2F 0-1: Ball 1-1: Ball 2-1: Ball 3-1: Foul Ball, location: 2F 3-2: Base on Balls
|
|
Batting: RHB Chris Thorson
|
0-0: Ball 1-0: Called Strike 1-1: Swinging Strike 1-2: Foul Ball, location: 2F 1-2: Strikes out looking
|
|
Batting: RHB Kunizo Yanagisawa
|
0-0: Ball 1-0: Called Strike 1-1: Called Strike 1-2: Foul Ball, location: 2F 1-2: DOUBLE (Line Drive, 9LS, EV 102.5 MPH) Wayne Hattan to third Runner from 3rd tries for Home, SAFE, throw by RF to trailing runner, OUT at third! 9-3-5
|
| Top of the 7th over - 1 run, 1 hit, 0 errors, 0 left on base; Princeton 3 - Baltimore (APP) 0 |
| BOTTOM OF THE 7TH |
|
Baltimore (APP) Orioles batting - Pitching for Princeton Rays : RHP Takenori Iwata
|
|
Batting: RHB Roberto Sotelo
|
0-0: Ground out 4-3 (Groundball, 34, EV 82.5 MPH)
|
|
Batting: LHB Eric Jackson
|
0-0: Foul Ball, location: 2F 0-1: Swinging Strike 0-2: Ball 1-2: Hit by Pitch
|
|
Batting: RHB Mike Zepeda
|
0-0: Ball 1-0: Called Strike 1-1: Foul Ball, location: 2F 1-2: Ball 2-2: Fly out, F6 (Line Drive, 6, EV 65.6 MPH)
|
|
Batting: LHB Bill Ostlund
|
0-0: Ball 1-0: Called Strike 1-1: Foul Ball, location: 2F 1-2: 2-RUN HOME RUN (Flyball, 9D, EV 106.3 MPH), Distance : 394 ft
|
|
Batting: LHB Justin Alworth
|
0-0: SOLO HOME RUN (Flyball, 9D, EV 105.6 MPH), Distance : 397 ft
|
|
Pitching: RHP Tim Inman
|
|
|
Batting: RHB Jeremy Sipe
|
0-0: Foul Ball, location: 2F 0-1: Ball 1-1: Called Strike 1-2: Ball 2-2: SINGLE (Groundball, 56D, EV 107.5 MPH)
|
|
Batting: RHB Fernando Bravo
|
0-0: Ball 1-0: Ball 2-0: Ball Jeremy Sipe steals 2nd base 3-0: Called Strike 3-1: Fly out, F7 (Line Drive, 7, EV 94.4 MPH)
|
| Bottom of the 7th over - 3 runs, 3 hits, 0 errors, 1 left on base; Princeton 3 - Baltimore (APP) 3 |
| TOP OF THE 8TH |
|
Princeton Rays batting - Pitching for Baltimore (APP) Orioles : RHP Steve Webb
|
|
Pitching: RHP Jon Grason
|
|
|
Batting: RHB James Huddleston
|
0-0: Foul Ball, location: 2F 0-1: Swinging Strike 0-2: Ball 1-2: Strikes out swinging
|
|
Batting: RHB Hector Silva
|
0-0: Called Strike 0-1: Called Strike 0-2: Ground out 6-3 (Groundball, 6MS, EV 91.3 MPH)
|
|
Batting: SHB Lou Kroneman
|
0-0: Ball 1-0: Ball 2-0: Called Strike 2-1: SINGLE (Line Drive, 4MD, EV 101.9 MPH)
|
|
Batting: RHB Wil Urban
|
0-0: Called Strike 0-1: Ball 1-1: Ball Wild Pitch! Lou Kroneman to second 2-1: Foul Ball, location: 2F 2-2: Foul Ball, location: 2F 2-2: Ball 3-2: 2-RUN HOME RUN (Flyball, 7D, EV 107.5 MPH), Distance : 421 ft
|
|
Batting: LHB Josh Redfern
|
0-0: Foul Ball, location: 2F 0-1: Swinging Strike 0-2: Fly out, F9 (Flyball, 9LS, EV 86.9 MPH)
|
| Top of the 8th over - 2 runs, 2 hits, 0 errors, 0 left on base; Princeton 5 - Baltimore (APP) 3 |
| BOTTOM OF THE 8TH |
|
Baltimore (APP) Orioles batting - Pitching for Princeton Rays : RHP Tim Inman
|
|
Now at C: James Huddleston
|
|
|
Now at 1B: Kunizo Yanagisawa
|
|
|
Now at 3B: Lou Kroneman
|
|
|
Now at SS: Jim Erdody
|
|
|
Batting: RHB Matt O'Dea
|
0-0: Foul Ball, location: 2F 0-1: Called Strike 0-2: Ball 1-2: Foul Ball, location: 2F 1-2: Ball 2-2: Ball 3-2: Foul Ball, location: 2F 3-2: Ground out 4-3 (Groundball, 4, EV 80.0 MPH)
|
|
Batting: RHB Ryan Vest
|
0-0: Ball 1-0: Swinging Strike 1-1: Ball 2-1: Called Strike 2-2: Ground out U3 (Groundball, 34, EV 82.5 MPH)
|
|
Batting: RHB Roberto Sotelo
|
0-0: Ball 1-0: Ball 2-0: Called Strike 2-1: Foul Ball, location: 2F 2-2: Strikes out swinging
|
| Bottom of the 8th over - 0 runs, 0 hits, 0 errors, 0 left on base; Princeton 5 - Baltimore (APP) 3 |
| TOP OF THE 9TH |
|
Princeton Rays batting - Pitching for Baltimore (APP) Orioles : RHP Jon Grason
|
|
Pitching: RHP Frank Caillouet
|
|
|
Batting: RHB Dan Marks
|
0-0: Called Strike 0-1: Swinging Strike 0-2: Ball 1-2: Ball 2-2: Foul Ball, location: 2F 2-2: Ball 3-2: Foul Ball, location: 2F 3-2: Foul Ball, location: 2F 3-2: DOUBLE (Line Drive, 9LM, EV 88.8 MPH)
|
|
Batting: RHB Jim Erdody
|
0-0: Ground out 5-3 (Groundball, 56, EV 103.1 MPH)
|
|
Batting: RHB Chris Thorson
|
0-0: Intentional Walk
|
|
Batting: RHB Kunizo Yanagisawa
|
0-0: Ball 1-0: Swinging Strike 1-1: Fly out, F9 (Flyball, 9S, EV 88.1 MPH)
|
|
Batting: RHB James Huddleston
|
0-0: Ball 1-0: Swinging Strike 1-1: Ball 2-1: Ball 3-1: Called Strike 3-2: Base on Balls Dan Marks to third Chris Thorson to second
|
|
Batting: RHB Hector Silva
|
0-0: Called Strike 0-1: Ball 1-1: Ball Wild Pitch! Dan Marks scores Chris Thorson to third James Huddleston to second 2-1: Ball 3-1: Swinging Strike 3-2: Foul Ball, location: 2F 3-2: Strikes out swinging
|
| Top of the 9th over - 1 run, 1 hit, 0 errors, 2 left on base; Princeton 6 - Baltimore (APP) 3 |
| BOTTOM OF THE 9TH |
|
Baltimore (APP) Orioles batting - Pitching for Princeton Rays : RHP Tim Inman
|
|
Pitching: RHP Cody Wilharm
|
|
|
Batting: LHB Eric Jackson
|
0-0: Ball 1-0: Ball 2-0: Called Strike 2-1: Ground out U3 (Groundball, 3, EV 81.9 MPH)
|
|
Batting: RHB Mike Zepeda
|
0-0: Ball 1-0: Foul Ball, location: 2F 1-1: Ground out 4-3 (Groundball, 4, EV 81.3 MPH)
|
|
Batting: LHB Bill Ostlund
|
0-0: Ball 1-0: Called Strike 1-1: Ground out 6-3 (Groundball, 6M, EV 79.4 MPH)
|
| Bottom of the 9th over - 0 runs, 0 hits, 0 errors, 0 left on base; Princeton 6 - Baltimore (APP) 3 |
|